Map: Dusk Towers

Players

JERRY - Winner!

  • Race: Protoss Protoss
  • League: Diamond

LilDicky

  • Race: Terran Terran
  • League: Diamond

VOD

http://www.twitch.tv/tumescentpie

Description

Time

  • Played on: Jan. 3, 2016, 3:44 a.m.
  • Length: 5:38
Show
View Real Time Build Order
Export as new Build Order

JERRY Protoss - Winner!

Build Orders: Nexus First, Dark Templar Rush 

Get SALT Encoding   

  12  0:01  Probe (Chrono Boost)  
  13  0:11  Probe (Chrono Boost)  
  14  0:23  Pylon  
  14  0:26  Probe (Chrono Boost)  
  15  0:41  Probe (Chrono Boost)  
  16  0:51  Probe (Chrono Boost)  
  17  1:02  Nexus  
  17  1:11  Gateway  
  17  1:14  Probe (Chrono Boost)  
  18  1:19  Assimilator  
  18  1:24  Assimilator  
  18  1:28  Probe (Chrono Boost)  
  19  1:39  Probe (Chrono Boost)  
  20  1:49  Probe (Chrono Boost)  
  21  2:00  Probe (Chrono Boost)  
  22  2:06  Cybernetics Core  
  22  2:10  Probe (Chrono Boost)  
  23  2:18  Probe (Chrono Boost)  
  23  2:21  Probe (Chrono Boost)  
  25  2:26  Pylon  
  25  2:28  Probe (Chrono Boost)  
  26  2:31  Probe (Chrono Boost)  
  27  2:39  Probe (Chrono Boost)  
  27  2:42  Probe (Chrono Boost), Warp Gate  
  29  2:44  Adept (Chrono Boost)  
  29  2:48  Probe (Chrono Boost)  
  29  2:50  Twilight Council  
  32  2:52  Probe  
  32  2:58  Probe  
  33  3:04  Probe, Pylon  
  35  3:07  Gateway  
  35  3:09  Adept (Chrono Boost)  
  37  3:27  Dark Shrine  
  37  3:29  Resonating Glaives  
  37  3:39  Mothership Core (Chrono Boost)  
  39  3:58  Robotics Facility  
  39  4:07  Adept  
  41  4:14  Probe (Chrono Boost)  
  40  4:29  Forge  
  40  4:32  Pylon  
  40  4:36  Adept x2  
  40  4:38  Pylon  
  44  4:40  Pylon  
  45  4:45  Observer (Chrono Boost)  
  45  4:47  Probe  
  45  4:48  Probe  
  46  5:03  Adept  
  46  5:04  Twilight Council  
  46  5:06  Photon Cannon  
  48  5:12  Photon Cannon  
  47  5:19  Probe  
  47  5:21  Probe  
Show
View Real Time Build Order
Export as new Build Order

LilDicky Terran 

Build Orders: MMM Bio 

Get SALT Encoding   

  12  0:01  SCV  
  13  0:13  SCV  
  14  0:19  Supply Depot  
  14  0:25  SCV  
  15  0:40  SCV  
  16  0:44  Barracks  
  16  0:52  SCV  
  17  1:03  Refinery  
  17  1:06  SCV  
  18  1:15  Refinery  
  18  1:19  SCV  
  20  1:33  Marine  
  20  1:36  Supply Depot  
  20  1:37  Orbital Command  
  20  1:54  Barracks Reactor  
  20  1:55  Barracks  
  20  1:56  Barracks  
  20  2:04  SCV  
  21  2:16  SCV, Factory  
  22  2:28  SCV  
  23  2:34  Supply Depot, Marine  
  23  2:35  Marine  
  25  2:43  SCV  
  26  2:56  SCV, Barracks Tech Lab x2  
  27  3:04  Supply Depot  
  27  3:06  Marine x2  
  27  3:09  SCV  
  30  3:13  Widow Mine  
  32  3:22  Combat Shields, Stimpack  
  32  3:23  Marine x2  
  32  3:24  Marine  
  35  3:29  SCV  
  35  3:31  Marine  
  37  3:35  Supply Depot  
  37  3:45  Widow Mine  
  39  3:52  SCV  
  39  3:53  Marine  
  39  3:54  Marauder x2  
  42  4:04  SCV  
  43  4:12  Starport, Marine  
  43  4:15  Marauder  
  46  4:25  Widow Mine  
  46  4:26  Marine x2  
  46  4:28  SCV  
  46  4:31  Marine  
  52  4:41  Marine  
  52  4:44  Marauder  
  43  5:02  Marine x2  
  43  5:03  Marauder  
  43  5:04  Widow Mine  
  43  5:06  Marauder  
Tags
 
Add a new tag
Caveats
  • Supply blocks, unpowered buildings, or Contaminate may cause inaccurate times.
  • Supply counts are checked every 10 seconds.